 Dungeon Crawl Stone Soup version 0.21.1-1-g345015f (webtiles) character file.

22 Kairos the Skirmisher (level 3, -9/30 HPs)
             Began as a Formicid Abyssal Knight on Mar 26, 2018.
             Was a Follower of Lugonu.
             Mangled by a gnoll
             ... wielding a +0 halberd
              (16 damage)
             ... on level 1 of the Dungeon.
             The game lasted 00:02:36 (621 turns).

Kairos the Skirmisher (Formicid Abyssal Knight)      Turns: 621, Time: 00:02:37

Health: -9/30      AC:  5    Str: 16    XL:     3   Next: 7%
Magic:  4/4        EV: 10    Int: 11    God:    Lugonu [*.....]
Gold:   15         SH:  0    Dex: 11    Spells: 2/2 levels left

rFire    . . .     SeeInvis +   a - +1 hand axe
rCold    . . .     Gourm    .   (no shield)
rNeg     . . .     Faith    .   h - +0 ring mail
rPois    .         Spirit   .   (helmet unavailable)
rElec    .         Reflect  .   (no cloak)
rCorr    .         Harm     .   (no gloves)
MR       .....                  (no boots)
Stlth    +.........             (no amulet)
HPRegen  0.10/turn              (no ring)
MPRegen  0.09/turn              (no ring)

@: no status effects
A: permanent stasis, dig shafts and tunnels, four strong arms, antennae 3
a: Dig, Shaft Self, Depart the Abyss, Renounce Religion


You were on level 1 of the Dungeon.
You worshipped Lugonu.
Lugonu was aware of your devotion.
You were not hungry.

You visited 1 branch of the dungeon, and saw 1 of its levels.
You visited the Abyss 1 time.

You collected 15 gold pieces.

Inventory:

Hand Weapons
 a - a +1 hand axe (weapon)
Armour
 b - a +0 leather armour
 h - a +0 ring mail (worn)
Scrolls
 d - a scroll of identify
 g - 3 scrolls of remove curse {unknown}
Potions
 e - a potion of degeneration {unknown}
 f - a potion of haste {unknown}
 i - a potion of agility {unknown}
Comestibles
 c - a ration


   Skills:
 + Level 3.7 Fighting
 + Level 2.6 Axes
 + Level 2.3 Armour
 + Level 0.8 Dodging
 + Level 2.3 Invocations


You had 2 spell levels left.
You didn't know any spells.

Dungeon Overview and Level Annotations

Branches:
Dungeon (1/15)

Altars:


Innate Abilities, Weirdness & Mutations

You cannot be hasted, slowed, berserked, paralysed or teleported.
You can dig through walls and to a lower floor.
Your four strong arms can wield two-handed weapons with a shield.
You have a pair of large antennae on your head. (SInv)


Message History

The jackal barely misses you.
You barely miss the jackal. You hit the jackal.
You kill the jackal!
Lugonu accepts your kill. The jackal barely misses you.
The gnoll barely misses you. The jackal completely misses you.
You hit the jackal.
The jackal is heavily wounded.
The jackal bites you but does no damage.
The gnoll hits you from afar with a halberd!
* * * LOW HITPOINT WARNING * * *
The jackal barely misses you.
Unknown command.
You barely miss the jackal.
The jackal is heavily wounded.
The jackal bites you.
* * * LOW HITPOINT WARNING * * *
The gnoll hits you from afar with a halberd!
Ouch! That really hurt!
You die...

#........# #........# ##
#........# .#
#........############ #.. .#
#........##...............
.#####........##...............
.##...............)............
.##..†...........########......
.....†...#####..@# #........
.#..#)..######..h######.....###
....+........†...g{...K........
###.#...######...######.....#.
..#..#### #...# #.g...#
..##.###########.# #.....#
..##..#........#.# #........
..##..'........#.# ###......
..##..'........#.# ......


You could see a gnoll and a jackal.

Vanquished Creatures
  3 leopard geckos (D:1)
  3 bats (D:1)
  A goblin (D:1)
  A hobgoblin (D:1)
  5 jackals (D:1)
  2 frilled lizards (D:1)
  2 kobolds (D:1)
17 creatures vanquished.

Notes
Turn   | Place    | Note
-------+----------+-------------------------------------------
     0 | Abyss:1  | Kairos the Formicid Abyssal Knight began the quest for the Orb.
     0 | Abyss:1  | Reached XP level 1. HP: 18/18 MP: 2/2
    74 | Abyss:1  | Found a corrupted altar of Lugonu.
   212 | Abyss:1  | Noticed a raiju
   214 | D:1      | Escaped the Abyss
   494 | D:1      | Reached XP level 2. HP: 15/24 MP: 3/3
   546 | D:1      | Reached * piety under Lugonu
   617 | D:1      | Reached XP level 3. HP: 15/30 MP: 4/4
   621 | D:1      | Mangled by a gnoll

Action                   || total
-------------------------++-------
Melee: Hand axe          ||    46
Invok: Depart the Abyss  ||     1
  Use: Scroll            ||     1
       Potion            ||     1
Armor: Leather armour    ||    14
       Ring mail         ||    17
Dodge: Dodged            ||    46
